 Dungeon Crawl Stone Soup version 0.22.1-1-ga44c0e56f4 (webtiles) character file.

1537 Merkmirnix the Cleaver (level 8, -1/70 HPs)
             Began as a Minotaur Berserker on Oct 12, 2018.
             Was an Elder of Trog.
             Succumbed to a killer bee's poison
             ... on level 6 of the Dungeon.
             The game lasted 00:12:53 (4273 turns).

Merkmirnix the Cleaver (Minotaur Berserker)         Turns: 4273, Time: 00:12:54

Health: -1/70      AC: 10    Str: 29    XL:     8   Next: 56%
Magic:  2/2        EV: 10    Int:  4    God:    Trog [****..]
Gold:   248        SH:  5    Dex: 10    Spells: 7/7 levels left

rFire    . . .     SeeInvis .   w - +2 hand axe (antimagic)
rCold    . . .     Gourm    .   t - +2 buckler
rNeg     . . .     Faith    .   h - +0 chain mail
rPois    .         Spirit   .   (helmet restricted)
rElec    .         Reflect  .   (no cloak)
rCorr    +         Harm     .   (no gloves)
MR       .....                  (no boots)
Stlth    ..........             (no amulet)
HPRegen  0.21/turn              n - ring of resist corrosion
MPRegen  0.08/turn              (no ring)

@: mighty, lethally poisoned (-1 -> -14)
A: retaliatory headbutt, horns 2
a: Berserk, Trog's Hand, Brothers in Arms, Renounce Religion


You were on level 6 of the Dungeon.
You worshipped Trog.
Trog was greatly pleased with you.
You were not hungry.

You visited 1 branch of the dungeon, and saw 6 of its levels.

You collected 248 gold pieces.

Inventory:

Hand Weapons
 w - a +2 antimagic hand axe (weapon)
Armour
 h - a +0 chain mail (worn)
 t - a +2 buckler (worn)
Jewellery
 n - a ring of resist corrosion (left hand)
Wands
 i - a wand of iceblast (10)
 u - a wand of paralysis (20)
 y - a wand of digging (10)
Scrolls
 b - a scroll of blinking {unknown}
 d - 3 scrolls of magic mapping {unknown}
 g - 4 scrolls of identify {unknown}
 j - a scroll of noise {unknown}
 k - 4 scrolls of teleportation {unknown}
 o - a scroll of enchant weapon {unknown}
 p - a scroll of remove curse {unknown}
 r - 2 scrolls of amnesia {unknown}
 s - a scroll of fog {unknown}
Potions
 e - a potion of berserk rage {unknown}
 f - 3 potions of curing {unknown}
 l - a potion of haste
 m - a potion of flight {unknown}
 v - 2 potions of degeneration {unknown}
 x - a potion of magic {unknown}
 z - 2 potions of agility {unknown}
 A - 2 potions of lignification {unknown}
Comestibles
 a - a chunk of flesh
 c - 9 rations


   Skills:
 + Level 5.9 Fighting
 + Level 8.0 Axes
 * Level 7.8 Armour
 * Level 5.7 Dodging
 + Level 1.2 Shields


You had 7 spell levels left.
You didn't know any spells.
Your spell library was empty.

Dungeon Overview and Level Annotations

Branches:
Dungeon (6/15)             Temple (0/1) D:4

Altars:
Trog
The Shining One


Innate Abilities, Weirdness & Mutations

You reflexively headbutt those who attack you in melee.
You have a pair of horns on your head.


Message History

You feel sick. The killer bee closely misses you. The killer bee stings you.
* * * LOW HITPOINT WARNING * * *
You are more poisoned.
The killer bee poisons you!
You see here a killer bee corpse.
* * * LOW HITPOINT WARNING * * *
You feel sick. You block the killer bee's attack.
The killer bee closely misses you.
You hit the killer bee. Your headbutt misses the killer bee.
The killer bee is severely wounded.
You closely miss the shadow imp.
You feel sick. You block the killer bee's attack.
The shadow imp gestures at you. Pain shoots through your body!
* * * LOW HITPOINT WARNING * * *
The killer bee barely misses you.
Okay, then.
It was a potion of might.
You feel very mighty all of a sudden.
You die...

#......##.###...
#......# #
#......# #......#
####.### # #
#.### .#.##
#...####.....
#######.#.......#
........y@5.....#
......#[)†......#
.....###......).#
..... #........#
.... #.########
... #.# ... ...
#.# #.#


You could see a killer bee and a shadow imp.

Vanquished Creatures
  Grinder (D:3)
  A sky beast (D:5)
  An ice beast (D:5)
  An ogre (D:4)
  A centaur (D:5)
  A water moccasin zombie (D:5)
  4 killer bees (D:6)
  2 howler monkeys
  A hound (D:4)
  2 orc priests (D:5)
  3 orc wizards
  A bullfrog skeleton (D:4)
  Jessica (D:3)
  Terence (D:2)
  An iguana (D:4)
  5 worker ants
  A worker ant zombie (D:5)
  Robin (D:3)
  2 gnolls (D:3)
  9 adders
  3 oozes
  4 worms
  2 dart slugs (D:2)
  2 leopard geckos
  15 orcs
  8 bats
  22 giant cockroaches
  16 goblins
  9 hobgoblins
  9 jackals
  2 quokkas
  3 ball pythons
  A ball python skeleton (D:5)
  7 frilled lizards
  6 kobolds
  7 rats
156 creatures vanquished.

Notes
Turn   | Place    | Note
-------+----------+-------------------------------------------
     0 | D:1      | Merkmirnix the Minotaur Berserker began the quest for the
                  | Orb.
     0 | D:1      | Reached XP level 1. HP: 19/19 MP: 0/0
   142 | D:1      | Reached skill level 4 in Axes
   142 | D:1      | Reached XP level 2. HP: 23/27 MP: 1/1
   267 | D:1      | Reached ** piety under Trog
   303 | D:1      | Reached XP level 3. HP: 12/33 MP: 2/2
  1191 | D:2      | Found a bloodstained altar of Trog.
  1191 | D:2      | Noticed Terence
  1202 | D:2      | Killed Terence
  1202 | D:2      | Reached XP level 4. HP: 41/41 MP: 3/3
  1300 | D:2      | Reached skill level 5 in Axes
  1463 | D:2      | Reached XP level 5. HP: 47/47 MP: 4/4
  1489 | D:2      | Reached *** piety under Trog
  1874 | D:3      | Noticed Jessica
  1888 | D:3      | Killed Jessica
  1895 | D:3      | Noticed Robin
  1917 | D:3      | Killed Robin
  1973 | D:3      | Reached XP level 6. HP: 34/53 MP: 5/5
  2047 | D:3      | Noticed Grinder
  2056 | D:3      | Killed Grinder
  2056 | D:3      | Reached skill level 5 in Fighting
  2056 | D:3      | Reached skill level 6 in Axes
  2392 | D:3      | Found a glowing golden altar of the Shining One.
  2838 | D:4      | Reached XP level 7. HP: 61/61 MP: 6/6
  2852 | D:4      | Reached skill level 5 in Armour
  2856 | D:4      | Reached **** piety under Trog
  3072 | D:4      | Found a staircase to the Ecumenical Temple.
  3251 | D:5      | Entered Level 5 of the Dungeon
  3288 | D:5      | Reached skill level 7 in Axes
  3302 | D:5      | Reached skill level 5 in Dodging
  3690 | D:5      | Reached XP level 8. HP: 60/69 MP: 7/7
  3972 | D:5      | Received a gift from Trog
  4260 | D:6      | Reached skill level 1 in Shields
  4264 | D:6      | Reached skill level 8 in Axes
  4272 | D:6      | HP: 1/70 [shadow imp/nerve-wracking pain (14)]
  4273 | D:6      | Succumbed to a killer bee's poison

Skill      XL: |  1  2  3  4  5  6  7  8 |
---------------+-------------------------+-----
Fighting       | 4 5 |  5.9
Axes           | 4 5 6 7 8 |  8.0
Armour         | 3 4 6 7 |  7.8
Dodging        | 3 4 5 |  5.7
Shields        | 1 |  1.2

Action                   |  1- 3 |  4- 6 |  7- 9 || total
-------------------------+-------+-------+-------++-------
Melee: Hand axe          |    85 |   150 |   146 ||   381
       Headbutt          |    10 |    28 |    26 ||    64
Invok: Berserk           |     1 |     1 |       ||     2
  Use: Potion            |       |       |     1 ||     1
  Eat: Chunk             |     1 |     6 |     6 ||    13
Armor: Animal skin       |    33 |       |       ||    33
       Chain mail        |       |    82 |    81 ||   163
Dodge: Dodged            |    73 |    94 |    74 ||   241
Block: Buckler           |       |       |    32 ||    32
